 Dungeon Crawl Stone Soup version 0.18-a0-1782-gb76a692 (webtiles) character file.

1977 Kidiri the Thaumaturge (level 9, -1/45 HPs)
             Began as a Deep Elf Fire Elementalist on Apr 17, 2016.
             Slain by Joseph
             ... wielding a +2 quarterstaff of draining
              (2 damage)
             ... on level 7 of the Dungeon.
             The game lasted 00:27:34 (7812 turns).

Kidiri the Thaumaturge (Deep Elf Fire Elementalist) Turns: 7812, Time: 00:27:35

Health: -1/45      AC:  6    Str:  5    XL:     9   Next: 0%
Magic:  20/25      EV: 14    Int: 24    God:
Gold:   538        SH:  0    Dex: 15    Spells: 6 memorised, 10 levels left

rFire  . . .     SeeInvis +     B - +2 dagger (drain)
rCold  . . .     Gourm    .     a - +0 robe
rNeg   . . .     Faith    .     (no shield)
rPois  .         Spirit   .     p - +0 helmet
rElec  .         Dismiss  .     (no cloak)
rCorr  .         Reflect  .     (no gloves)
SustAt .         Harm     .     (no boots)
MR     .....                    (no amulet)
Stlth  +++.......               o - ring of see invisible
                                s - ring of stealth

@: drained, not resistant to hostile enchantments, fairly stealthy
A: repulsion field 1, slimy green scales 2, no device heal 1
a: no special abilities


You were on level 7 of the Dungeon.
You were not hungry.

You visited 2 branches of the dungeon, and saw 8 of its levels.
You also visited: Ossuary.

You collected 538 gold pieces.

Inventory:

Hand Weapons
 B - a +2 dagger of draining (weapon)
Armour
 a - a +0 robe (worn)
 p - a +0 helmet (worn)
Magical Staves
 D - an uncursed staff of cold
Jewellery
 o - a ring of see invisible (right hand)
 r - an uncursed ring of resist corrosion
 s - a ring of stealth (left hand)
Wands
 G - a wand of disintegration (8/24)
 M - a wand of polymorph (14/24)
Scrolls
 f - a scroll of fear
 g - a scroll of acquirement {unknown}
 h - 2 scrolls of blinking
 j - 3 scrolls of teleportation
 q - a scroll of random uselessness {unknown}
 w - a scroll of enchant weapon {unknown}
 x - 2 scrolls of recharging {unknown}
 y - a scroll of fog {unknown}
 C - a scroll of remove curse
 E - a scroll of noise {unknown}
 I - a scroll of amnesia {unknown}
 J - a scroll of magic mapping {unknown}
 K - a scroll of identify
Potions
 d - a potion of might
 i - 3 potions of curing
 l - a potion of resistance {unknown}
 m - 5 potions of heal wounds
 n - a potion of magic
 t - a potion of brilliance {unknown}
 u - 2 potions of invisibility
 v - 4 potions of degeneration {unknown}
 z - 3 potions of lignification
 A - a potion of beneficial mutation {unknown}
 F - a potion of haste {unknown}
 H - 2 potions of flight {unknown}
Books
 b - a book of Flames

   Spells                             Type                      Level
   a - Flame Tongue                   Conjuration/Fire             1
   b - Throw Flame                    Conjuration/Fire             2
   c - Conjure Flame                  Conjuration/Fire             3
   d - Inner Flame                    Hexes/Fire                   3
   e - Sticky Flame                   Conjuration/Fire             4
   f - Fireball                       Conjuration/Fire             5
Miscellaneous
 e - a plain deck of defence {the Blade}
Comestibles
 c - 4 bread rations
 k - 8 slices of pizza
 L - 4 chunks of flesh
 N - 2 beef jerkies
 O - 3 fruits


   Skills:
 - Level 2.4(2.0) Dodging
 - Level 2.4(2.0) Stealth
 * Level 10.1(9.7) Spellcasting
 + Level 5.8(5.4) Conjurations
 + Level 6.6(6.1) Hexes
 + Level 6.5(6.1) Fire Magic


You had 10 spell levels left.
You knew the following spells:

 Your Spells              Type           Power        Failure   Level  Hunger
a - Flame Tongue          Conj/Fire      #####        1%          1    None
b - Throw Flame           Conj/Fire      #####.       1%          2    None
c - Conjure Flame         Conj/Fire      #####...     1%          3    None
d - Inner Flame           Hex/Fire       #####...     1%          3    None
e - Sticky Flame          Conj/Fire      #####...     6%          4    #......
f - Fireball              Conj/Fire      #####.....   17%         5    ####...


Dungeon Overview and Level Annotations

Branches:
Dungeon (7/15)             Temple (1/1) D:4

Altars:
Ashenzari
Cheibriados
Dithmenos
Elyvilon
Fedhas
Gozag
Kikubaaqudgha
Nemelex Xobeh
Okawaru
Pakellas
Qazlal
Ru
Trog
Xom
Yredelemnul
Zin

Shops:
D:5 }   D:6 :%

Annotations:
D:7 Joseph


Innate Abilities, Weirdness & Mutations

You are surrounded by a mild repulsion field (EV +2).
You are mostly covered in slimy green scales (AC +3).
Potions and wands are less effective at restoring your health.


Message History

Joseph is heavily wounded.
Joseph shoots a sling bullet.
The sling bullet hits you! The sling bullet burns you.
Casting: Flame Tongue
Confirm with . or Enter, or press ? or * to list all spells.
Aiming: Flame Tongue
Press: ? - help, Shift-Dir - straight line, f/p - Joseph
Aim: Joseph, wielding a hunting sling of flaming and wearing a glowing leather armour (heavily wounded)
The flame tongue hits Joseph.
Joseph is severely wounded.
Joseph shoots a sling bullet.
The sling bullet hits you! The sling bullet burns you.
Joseph unwields an uncursed hunting sling of flaming.
It stops flaming.
Joseph wields an uncursed quarterstaff of draining.
You sense an unholy aura.
Joseph hits you with an uncursed quarterstaff of draining!
* * * LOW HITPOINT WARNING * * *
You feel drained.
You die...

...#..#..#>.....#
...#########....#
....# ######....#
....# #.......^.#
......>.####....#
###### #(...# #
#....##
####(.######
#...@@....#
....../......#
###..........#
##.........#
###########


You could see Joseph.

Vanquished Creatures
  A hog (D:7)
  A human (D:7)
  Edmund (D:4)
  Menkaure (D:5)
  A water moccasin (D:6)
  2 phantoms
  An elf zombie (Ossuary)
  2 vampire bats (D:2)
  A howler monkey (D:5)
  5 crimson imps
  3 hounds
  A giant frog skeleton (D:5)
  3 orc priests
  3 jellies
  An orc wizard (D:5)
  Terence (D:3)
  4 worker ants
  3 sheep (D:7)
  3 mummies (Ossuary)
  A howler monkey zombie (D:5)
  2 worker ant zombies
  6 adders
  4 gnolls (D:4)
  2 oozes
  An adder skeleton (D:4)
  2 adder zombies (Ossuary)
  4 worms
  2 dart slugs (D:2)
  6 giant geckos
  7 orcs
  2 ball pythons
  7 bats
  3 bat skeletons (D:2)
  3 bat zombies (D:2)
  3 giant cockroaches
  6 goblins
  11 hobgoblins
  8 jackals (D:6)
  11 kobolds
  3 quokkas
  5 giant newts
  A gnoll zombie (Ossuary)
  3 goblin zombies (Ossuary)
  2 hobgoblin zombies (Ossuary)
  3 kobold zombies (Ossuary)
  A quokka skeleton (D:7)
  3 quokka zombies (Ossuary)
  5 rats
  3 rat zombies (Ossuary)
158 creatures vanquished.

Notes
Turn   | Place    | Note
--------------------------------------------------------------
     0 | D:1      | Kidiri the Deep Elf Fire Elementalist began the quest for the Orb.
     0 | D:1      | Reached XP level 1. HP: 10/10 MP: 6/6
   312 | D:1      | Reached XP level 2. HP: 15/15 MP: 6/8
   316 | D:1      | Learned a level 2 spell: Throw Flame
   570 | D:1      | Reached skill level 4 in Spellcasting
   706 | D:1      | Reached XP level 3. HP: 19/19 MP: 6/10
   711 | D:1      | Learned a level 3 spell: Conjure Flame
   715 | D:1      | Learned a level 3 spell: Inner Flame
  1623 | D:2      | Found an ancient bone altar of Kikubaaqudgha.
  1626 | D:2      | Reached skill level 1 in Hexes
  1626 | D:2      | Reached XP level 4. HP: 24/24 MP: 9/12
  1629 | D:2      | Reached skill level 5 in Spellcasting
  1629 | D:2      | Reached XP level 5. HP: 28/28 MP: 8/14
  1635 | D:2      | Learned a level 4 spell: Sticky Flame
  1801 | D:2      | Found a sparkling altar of Nemelex Xobeh.
  2350 | D:3      | Noticed Terence
  2372 | D:3      | Killed Terence
  3025 | D:4      | Reached XP level 6. HP: 32/32 MP: 10/16
  3044 | D:4      | Gained mutation: You are surrounded by a mild repulsion field (EV +2). [potion of mutation]
  3044 | D:4      | Gained mutation: You are partially covered in slimy green scales (AC +2). [potion of mutation]
  3068 | D:4      | Reached skill level 6 in Spellcasting
  3127 | D:4      | Noticed Edmund
  3172 | D:4      | Found a sand-covered staircase.
  3181 | Ossuary  | Entered an ossuary
  4012 | Ossuary  | Gained mutation: Potions and wands are less effective at restoring your health. [potion of mutation]
  4012 | Ossuary  | Gained mutation: You are mostly covered in slimy green scales (AC +3). [potion of mutation]
  4023 | D:4      | Learned a level 5 spell: Fireball
  4057 | D:4      | Reached XP level 7. HP: 36/36 MP: 16/19
  4339 | D:4      | Found a staircase to the Ecumenical Temple.
  4344 | Temple   | Entered the Ecumenical Temple
  4587 | D:4      | Reached skill level 7 in Spellcasting
  4587 | D:4      | Reached skill level 5 in Fire Magic
  5048 | D:4      | Killed Edmund
  5149 | D:5      | Entered Level 5 of the Dungeon
  5232 | D:5      | Found Fiugoo's Gadget Boutique.
  5677 | D:5      | Noticed Menkaure
  5687 | D:5      | Killed Menkaure
  5687 | D:5      | Reached skill level 8 in Spellcasting
  5743 | D:5      | Reached skill level 5 in Hexes
  5743 | D:5      | Reached XP level 8. HP: 41/41 MP: 8/22
  6232 | D:5      | Reached skill level 5 in Conjurations
  6441 | D:6      | Reached skill level 9 in Spellcasting
  6448 | D:6      | Found Deseheygi's Food Emporium.
  6898 | D:6      | Found Azusash's Book Shoppe.
  7095 | D:6      | Found a bloodstained altar of Trog.
  7336 | D:6      | Found an oddly glowing altar of Pakellas.
  7690 | D:7      | Reached skill level 10 in Spellcasting
  7694 | D:7      | Reached XP level 9. HP: 45/45 MP: 12/25
  7805 | D:7      | Noticed Joseph
  7812 | D:7      | HP: 1/45 [Joseph/uncursed quarterstaff of draining (15)]
  7812 | D:7      | Slain by Joseph

Vault maps used:
D:1:      eino_arrival_cavern_d
D:2:      kennysheep_vampire_church, nemelex_deck, first_bread
D:3:      uniq_terence
D:4:      temple_doors_e, enter_ossuary_1, st_stairs_3,
          hangedman_decor_clover_reticule, corner_web_ring, uniq_edmund
D:5:      kennysheep_spiral_hall, serial_shops, nicolae_shop_window_shopping,
          uniq_menkaure
D:6:      lemuel_crystal_altar, overflow_temple_1_default, serial_shops,
          shop_coins, shop
D:7:      grunt_livestock, uniq_joseph
Temple:   triangle_lava_temple_12
Ossuary:  ossuary_minmay_chase

Skill      XL: |  1  2  3  4  5  6  7  8 |
---------------+-------------------------+-----
Spellcasting   | 4 5 6 8 10 | 10.1
Conjurations   | 2 3 4 5 |  5.8
Hexes          | 1 3 5 6 |  6.6
Fire Magic     | 4 5 6 |  6.5
Dodging        | |  2.4
Stealth        | |  2.4

Action                   |  1- 3 |  4- 6 |  7- 9 || total
-------------------------+-------+-------+-------++-------
Melee: Unarmed           |       |     1 |       ||     1
       Dagger            |       |       |   162 ||   162
 Cast: Flame Tongue      |    49 |    91 |    98 ||   238
       Throw Flame       |    20 |    27 |    22 ||    69
       Conjure Flame     |       |     4 |     3 ||     7
       Sticky Flame      |       |     2 |     4 ||     6
       Fireball          |       |       |     1 ||     1
       Inner Flame       |       |       |     3 ||     3
Evoke: Wand              |       |       |     1 ||     1
  Use: Scroll            |     4 |     7 |       ||    11
       Potion            |     2 |     2 |     5 ||     9
 Stab: Sleeping          |       |       |     2 ||     2
  Eat: Chunk             |     2 |     6 |     5 ||    13
       Meat ration       |       |     1 |       ||     1
       Fruit             |       |       |     5 ||     5
Armor: Robe              |     5 |     4 |    35 ||    44
Dodge: Dodged            |    13 |    13 |   112 ||   138
